 Dungeon Crawl Stone Soup version bcrawl-1.19.1 (webtiles) character file.

Game seed: 9272914307704062621

55 JackS81 the Cudgeler (level 3, -14/23 HPs)
             Began as a Gargoyle Reaver on Nov 23, 2019.
             Was a Follower of Vehumet.
             Engulfed by a cloud of flame (21 damage)
             ... on level 2 of the Dungeon.
             The game lasted 00:04:09 (939 turns).

JackS81 the Cudgeler (Gargoyle Reaver)               Turns: 939, Time: 00:04:10

Health: -14/23     AC:  8    Str: 14    XL:     3   Next: 93%
Magic:  6/6        EV: 12    Int: 14    God:    Vehumet [*.....]
Gold:   24         SH:  0    Dex:  9    Spells: 5/6 levels left

rFire    . . .     SeeInvis .   a - +0 flail
rCold    . . .     Gourm    .   (no shield)
rNeg     + . .     Faith    .   b - +0 steam dragon scales
rPois    ∞         Spirit   .   (no helmet)
rElec    +         Reflect  .   (no cloak)
rCorr    .         Harm     .   (no gloves)
MR       .....                  (no boots)
Stlth    +.........             (no amulet)
HPRegen  0.07/turn              (no ring)
MPRegen  0.10/turn              (no ring)

@: no status effects
A: negative energy resistance 1, electricity resistance, unbreathing,
petrification resistance, rot immunity, AC +3
a: Renounce Religion


You were on level 2 of the Dungeon.
You worshipped Vehumet.
Vehumet was aware of your devotion.
You were not hungry.

You visited 1 branch of the dungeon, and saw 2 of its levels.

You collected 24 gold pieces.

Inventory:

Hand Weapons
 a - a +0 flail (weapon)
 h - a +0 whip
Missiles
 e - 118 stones (quivered)
 j - 111 bolts
Armour
 b - +0 steam dragon scales (worn)
Scrolls
 i - 2 scrolls of identify {unknown}
Potions
 c - a potion of haste
Comestibles
 f - 2 rations {!d}
 g - a chunk of flesh


   Skills:
 - Level 3.2 Fighting
 * Level 4.4 Maces & Flails
 * Level 1.3 Armour
 - Level 2.4 Dodging
 - Level 2.0 Spellcasting


You had 5 spell levels left.
You knew the following spells:

 Your Spells              Type           Power        Failure   Level  Hunger
a - Flame Tongue          Conj/Fire      #....        7%          1    ##.....

Your spell library contained the following spells:

 Spells                   Type           Power        Failure   Level  Hunger
 Iskenderun's Battlesphe  Conj/Chrm      #.......     82%         5    ######.


Dungeon Overview and Level Annotations

Branches:
Dungeon (2/12)

Altars:


Innate Abilities, Weirdness & Mutations

You are resistant to torment.
Your stone body is resilient. (AC +3)
You are immune to poison.
You resist negative energy. (rN+)
You are resistant to electric shocks. (rElec)
You can survive without breathing.
You are immune to petrification.
You are immune to rotting.


Message History

The creatures around you are filled with an inner flame!
You closely miss the goblin. The goblin hits you but does no damage.
Robin hits you but does no damage. The goblin hits you but does no damage.
You barely miss the goblin.
Robin hits you from afar with a +0 spear.
The goblin barely misses you.
Some of the chunks of flesh in your inventory have rotted away.
You barely miss the goblin. Robin misses you. The goblin misses you.
You hit the goblin.
The goblin explodes!
The fiery explosion engulfs you!
Ouch! That really hurt!
The fiery explosion engulfs Robin.
Robin explodes!
The fiery explosion engulfs the hobgoblin.
You kill the hobgoblin!
Vehumet accepts your kill. x3
You are engulfed in blazing flames.
Ouch! That really hurt!
You die...

### ##@## ###.#§#
#..###§†..gg.
#######.#.#.#####g#
#..........#
#.<###..####
#.)#....# #..#.#.##
#......#


There were no monsters in sight!

Vanquished Creatures
  Robin (D:2)
  2 dart slugs (D:1)
  3 leopard geckos (D:1)
  4 bats (D:1)
  5 giant cockroaches (D:1)
  6 goblins
  6 hobgoblins
  5 kobolds
  3 rats (D:1)
35 creatures vanquished.

Notes
Turn   | Place    | Note
-------+----------+-------------------------------------------
     0 | D:1      | JackS81 the Gargoyle Reaver began the quest for the Orb.
     0 | D:1      | Reached XP level 1. HP: 14/14 MP: 3/3
   246 | D:1      | Reached XP level 2. HP: 12/19 MP: 5/5
   482 | D:1      | Reached * piety under Vehumet
   482 | D:1      | Offered knowledge of Flame Tongue by Vehumet.
   494 | D:1      | Learned a level 1 spell: Flame Tongue
   580 | D:1      | Reached skill level 1 in Armour
   608 | D:1      | Reached XP level 3. HP: 20/23 MP: 6/6
   613 | D:1      | Reached skill level 4 in Maces & Flails
   929 | D:2      | Identified the +1 helmet of the Sky {+Blink +Fly rC+ MR+
                  | Dex+2}
   929 | D:2      | Noticed Robin
   939 | D:2      | Killed Robin
   939 | D:2      | Engulfed by a cloud of flame

Skill      XL: |  1  2  3 |
---------------+----------+-----
Armour         | 1 |  1.3
Maces & Flails | 4 |  4.4
Fighting       | |  3.2
Dodging        | |  2.4
Spellcasting   | |  2.0

Action                   || total
-------------------------++-------
Melee: Flail             ||   105
Throw: Stone             ||     6
 Cast: Flame Tongue      ||     2
  Use: Scroll            ||     1
Armor: Steam dragon scal ||    57
Dodge: Dodged            ||    79
